Map: Catalyst LE

Players

fruitcake - Winner!

  • Race: Terran Terran
  • Spawn Location: 5:00

A.I. 1 (Very Easy)

  • Race: Zerg Zerg
  • Spawn Location: 11:00

VOD

Have the link to the VOD?

Description

Time

  • Played on: May 5, 2018, 12:15 p.m.
  • Length: 7:23
Show
View Real Time Build Order
Export as new Build Order

fruitcake Terran - Winner!

Build Orders:  

Get SALT Encoding   

  12  0:02  SCV  
  14  0:14  SCV  
  14  0:23  Supply Depot  
  14  0:26  SCV  
  15  0:37  Refinery  
  15  0:45  SCV  
  15  0:49  Barracks  
  16  0:57  SCV  
  17  1:09  SCV  
  17  1:10  Supply Depot  
  18  1:21  SCV  
  19  1:29  Barracks  
  19  1:33  SCV  
  19  1:38  Marine  
  22  1:51  Orbital Command  
  21  1:56  Marine  
  22  2:14  Marine, Supply Depot  
  23  2:19  Barracks Reactor  
  23  2:32  Marine  
  25  2:57  Marine  
  25  2:58  Marine  
  27  3:00  Command Center, Barracks Reactor  
  26  3:13  SCV  
  26  3:15  Marine  
  28  3:24  Engineering Bay  
  28  3:25  SCV  
  28  3:27  Refinery  
  29  3:31  Marine  
  29  3:33  Marine  
  31  3:38  SCV, Marine x2  
  34  3:49  Marine  
  34  3:51  Marine, Terran Infantry Weapons Level 1  
  36  3:56  Marine x2  
  36  3:57  SCV  
  39  4:09  Marine  
  39  4:11  Marine, SCV  
  39  4:14  Marine x2  
  41  4:27  Marine  
  41  4:29  Marine  
  43  4:32  Marine x2  
  43  4:35  SCV  
  43  4:38  Supply Depot  
  46  4:45  Marine  
  47  4:47  Marine, SCV  
  47  4:49  Marine  
  47  4:50  Marine  
  51  4:59  SCV  
  52  5:03  Marine  
  52  5:04  Marine  
  54  5:07  Marine x2  
  54  5:11  SCV  
  57  5:20  Marine  
  58  5:21  Supply Depot  
  58  5:22  Marine  
  58  5:23  SCV  
  58  5:25  Marine x2  
  58  5:27  Refinery  
  62  5:42  Supply Depot  
  62  5:43  Marine x4, SCV  
  62  5:45  Supply Depot  
  67  6:01  Marine x3  
  67  6:04  Marine  
  71  6:09  Supply Depot  
  70  6:18  Marine x2  
  70  6:19  Marine  
  70  6:21  Marine  
  74  6:32  Supply Depot  
  74  6:36  Marine x3  
  74  6:39  Marine  
  76  6:54  Marine x3  
  76  6:57  Marine  
Show
View Real Time Build Order
Export as new Build Order

A.I. 1 (Very Easy) Zerg 

Build Orders: Hatch First 

Get SALT Encoding   

  12  0:01  Drone  
  13  0:12  Overlord  
  13  0:17  Drone  
  14  0:44  Hatchery  
  14  0:46  Drone  
  14  1:05  Spawning Pool  
  14  1:06  Extractor  
  14  1:09  Drone  
  13  1:16  Drone  
  14  1:22  Overlord  
  14  1:51  Zergling x2  
  15  1:54  Zergling x2, Queen  
  18  2:05  Roach Warren  
  18  2:06  Extractor  
  16  2:10  Drone  
  17  2:17  Drone  
  17  2:19  Zergling x2  
  19  2:25  Drone  
  20  2:32  Drone  
  21  2:39  Drone  
  22  2:47  Drone  
  23  2:54  Drone  
  24  3:01  Drone  
  25  3:08  Drone  
  25  3:10  Roach  
  28  3:15  Overlord  
  28  3:19  Drone  
  29  3:26  Drone  
  30  3:33  Drone  
  31  3:40  Drone  
  32  3:48  Drone  
  33  3:51  Overlord  
  33  3:55  Drone  
  34  3:59  Lair  
  34  4:01  Roach  
  34  4:02  Drone  
  37  4:10  Drone  
  38  4:17  Drone  
  39  4:25  Drone  
  40  4:32  Drone  
  40  4:33  Overlord  
  41  4:39  Drone  
  42  4:46  Drone  
  42  4:52  Roach  
  45  4:53  Drone  
  45  4:58  Overseer  
  46  5:00  Overseer, Drone  
  46  5:06  Extractor  
  46  5:08  Drone  
  46  5:13  Extractor  
  46  5:15  Drone  
  47  5:22  Drone  
  48  5:29  Drone  
  49  5:37  Drone  
  51  5:43  Roach  
  51  5:44  Drone  
  52  6:38  Roach  
  44  6:50  Drone  
  34  6:58  Drone  
  29  7:05  Drone  
Tags
 
Add a new tag
Caveats
  • Supply blocks, unpowered buildings, or Contaminate may cause inaccurate times.
  • Supply counts are checked every 10 seconds.